 Dungeon Crawl Stone Soup version 0.29.1 (webtiles) character file.

Game seed: 11896847833753075054

2369 SexySpitoon the Unseen (level 9, -6/36 (39) HPs)
             Began as a Spriggan Enchanter on Sept 13, 2022.
             Was a Priest of Jiyva.
             Mangled by a wight
             ... wielding a +4 battleaxe of freezing
              (9 damage)
             ... on level 8 of the Dungeon.
             The game lasted 00:52:10 (8194 turns).

SexySpitoon the Unseen (Spriggan Enchanter)         Turns: 8194, Time: 00:52:11

HP:   -6/36 (39)    AC:  5    Str: 20    XL:     9   Next: 21%
MP:   14/14         EV: 21    Int: 15    God:    Jiyva [***...]
Gold: 186           SH:  0    Dex: 21    Spells: 7/13 levels left

rFire   . . .      SeeInvis +   i - +2 dagger (speed)
rCold   . . .      Faith    .   (no shield)
rNeg    . . .      Spirit   .   b - +1 robe
rPois   .          Reflect  .   (helmet restricted)
rElec   +          Harm     .   p - +2 cloak
rCorr   +          Rampage  .   (gloves unavailable)
Will    .....      Clarity  +   (boots unavailable)
Stlth   +++++++...              (no amulet)
HPRegen 1.24/turn               D - ring "Puameisi" {Wiz rElec Will- Str+6 Stlth+}
MPRegen 0.49/turn               s - +6 ring of dexterity

@: drained, very quick
A: very small, no large weapons, unfitting armour, see invisible, speed 3, horns
1, clarity, strong 2, pseudopods 3
a: Renounce Religion, Oozemancy


You were on level 8 of the Dungeon.
You worshipped Jiyva.
Jiyva was most pleased with you.
You visited 1 branch of the dungeon, and saw 8 of its levels.
You also visited: Sewer.

You collected 298 gold pieces.
You spent 112 gold pieces at shops.

Inventory:

Hand Weapons
 a - a +1 dagger
 i - a +2 dagger of speed (weapon)
Missiles
 h - 15 poisoned darts (quivered)
Armour
 b - a +1 robe (worn)
 p - a +2 cloak (worn)
Jewellery
 g - a +4 ring of protection
 m - a ring of willpower
 r - a ring of protection from cold
 s - a +6 ring of dexterity (right hand)
 D - the ring "Puameisi" (left hand) {Wiz rElec Will- Str+6 Stlth+}
   (You found it on level 7 of the Dungeon)

   [ring of wizardry]

   It improves your spell success rate.
   Str:       It affects your strength (+6).
   rElec:     It insulates you from electricity.
   Will:      It decreases your willpower.
   Stlth:     It makes you more stealthy.
 H - a +4 ring of evasion
Wands
 B - a wand of charming (3)
Scrolls
 d - 3 scrolls of summoning
 j - a scroll of noise
 k - a scroll of blinking
 l - 2 scrolls of teleportation
 n - a scroll of vulnerability {unknown}
 v - 2 scrolls of enchant weapon
 x - 3 scrolls of fear
 y - a scroll of fog {unknown}
 E - a scroll of poison {unknown}
 I - a scroll of immolation {unknown}
Potions
 c - 2 potions of invisibility
 e - a potion of might
 f - 3 potions of curing {unknown}
 o - a potion of degeneration {unknown}
 q - 2 potions of haste {unknown}
 t - 2 potions of heal wounds {unknown}
 u - 2 potions of brilliance {unknown}
 w - a potion of magic {unknown}
 z - a potion of flight {unknown}
 A - a potion of lignification {unknown}
 C - a potion of resistance {unknown}
 F - a potion of attraction {unknown}
 G - a potion of ambrosia {unknown}


   Skills:
 * Level 7.5 Short Blades
 + Level 5.5 Dodging
 * Level 15.0 Stealth
 + Level 2.8 Spellcasting
 + Level 3.9 Hexes


You had 7 spell levels left.
You knew the following spells:

 Your Spells              Type           Power      Damage    Failure   Level
a - Dazzling Flash        Conj/Hex       16%        N/A       11%         3
b - Confusing Touch       Hex            13%        N/A       4%          3

Your spell library contained the following spells:

 Spells                   Type           Power      Damage    Failure   Level
 Tukima's Dance           Hex            13%        N/A       4%          3
 Ensorcelled Hibernation  Hex/Ice        16%        N/A       6%          2
 Apportation              Tloc           4%         N/A       9%          1
 Necrotise                Necr           8%         1d4       9%          1
 Sting                    Tmut/Pois      8%         1d3       9%          1
 Summon Small Mammal      Summ           8%         N/A       9%          1
 Poisonous Vapours        Pois/Air       4%         N/A       12%         2
 Olgreb's Toxic Radiance  Pois           2%         N/A       58%         4
 Fireball                 Conj/Fire      1%         3d3       89%         5
 Starburst                Conj/Fire      1%         6d3       100%        6
 Ozocubu's Refrigeration  Ice            1%         4d7       100%        7
 Ignition                 Fire           1%         3d3       100%        8


Dungeon Overview and Level Annotations

Branches:
Dungeon (8/15)             Temple (0/1) D:7           Sewer (visited)
   Lair: D:8-11

Altars:
Ashenzari
Cheibriados
Dithmenos
Makhleb
Trog
Uskayaw
Zin
The Shining One
Jiyva

Shops:
D:6 ?

Annotations:
D:8 Amaemon, Joseph


Innate Abilities, Weirdness & Mutations

You are very small and have problems with some larger weapons.
You are too small for most types of armour.
You have supernaturally acute eyesight. (SInv)
You cover ground extremely quickly. (Speed+++)
You have a pair of small horns on your head.
You possess an exceptional clarity of mind.
Your muscles are very strong. (Str +8, Int/Dex -2)
Armour fits poorly on your massive pseudopods.


Message History

The walls burn the orange demon!
The orange demon barely misses you. The orange demon misses you.
You hit the orange demon. You headbutt the orange demon.
You bludgeon the orange demon.
You kill the orange demon!
Your Stealth skill increases to level 15!
You start resting.
HP restored.
You start waiting.
You stop calling forth ooze.
You start waiting.
Your attacks no longer feel as feeble.
Found a stone staircase leading down.
Found a quarterstaff.
A white imp comes into view.
A white imp and a wight come into view.
The wight is wielding a +4 battleaxe of freezing.
The wight moves out of view.
A black bear and a wight come into view.
The black bear growls angrily.
Activating: Oozemancy (24% risk of failure)
Press: ? - help, Dir - look around, f - activate
Okay, then.
A wight comes into view. It is wielding a +2 mace.
Activating: Oozemancy (24% risk of failure)
Press: ? - help, Dir - look around, f - activate A rock wall.
You fail to use your ability.
The white imp shouts, "Leave, thou tottering nut-hook gnoll-tail!"
You hit the wight but do no damage.
You headbutt the wight, but do no damage.
You hit the wight but do no damage. Your headbutt misses the wight.
Your bludgeon misses the wight.
The wight hits you with a +4 battleaxe of freezing!
You feel drained. The wight freezes you.
The wight hits you with a +4 battleaxe of freezing!!
Ouch! That really hurt!
* * * LOW HITPOINT WARNING * * *
You feel drained.
You die...

.. .## #.## ..##
#..##...## ##........##
#........... #.#.........
#.#....z....
##.#h........
######..@z...z5... ##
#..)>...#####..... ...
#...............## ..##
#.......#####.... ##...
#......## #...#... ....
######..#####......###...
#..............##.#.
#.##................
#.................))


You could see a black bear, 3 wights and a white imp.

Vanquished Creatures
  An orange demon (D:8)
  A hornet (D:7)
  Menkaure (D:5)
  2 water moccasins
  An orc warrior (D:8)
  An ogre (D:7)
  2 phantoms
  4 bullfrogs
  3 necrophages
  2 scorpions
  2 howler monkeys (D:8)
  2 hounds
  5 orc priests
  Crazy Yiuf (D:3)
  3 iguanas
  5 orc wizards
  A hell rat (Sewer)
  A gnoll (D:2)
  5 adders
  A river rat (Sewer)
  A worm (D:2)
  A dart slug (D:1)
  21 orcs
  4 endoplasms (D:1)
  5 giant cockroaches
  11 goblins
  5 hobgoblins
  2 jackals (D:5)
  3 quokkas
  7 ball pythons
  2 bats (D:1)
  A frilled lizard (D:1)
  8 kobolds
  8 rats
123 creatures vanquished.

Vanquished Creatures (others)
  A sky beast (D:6)
  An ogre (D:4)
  A phantom (D:4)
  A bullfrog (D:6)
  A hound (D:6)
  6 jellies
  Ijyb (D:5)
  An orc wizard (D:6)
  3 orcs (D:4)
  2 ball pythons (D:4)
  2 bats (D:3)
  3 goblins
  2 hobgoblins
  2 kobolds
  A quokka (D:2)
  4 rats
  3 plants (D:2)
35 creatures vanquished.

Grand Total: 158 creatures vanquished

Notes
Turn   | Place    | Note
-------+----------+-------------------------------------------
     0 | D:1      | SexySpitoon the Spriggan Enchanter began the quest for the
                  | Orb.
     0 | D:1      | Reached XP level 1. HP: 9/9 MP: 5/5
   622 | D:1      | Reached XP level 2. HP: 13/13 MP: 6/6
   624 | D:1      | You fall into a shaft and drop 1 floor!
   734 | D:1      | Reached skill level 5 in Stealth
  1575 | D:1      | Reached XP level 3. HP: 16/16 MP: 8/8
  2197 | D:2      | Found a faded altar of an unknown god.
  2214 | D:2      | Prayed at the altar of an unknown god.
  2214 | D:2      | Became a worshipper of Jiyva Jiot the Shapeless
  2214 | D:2      | Reached * piety under Jiyva
  2307 | D:2      | Reached skill level 6 in Stealth
  3056 | D:2      | Reached XP level 4. HP: 21/21 MP: 9/9
  3310 | D:3      | Reached ** piety under Jiyva
  3707 | D:3      | Reached *** piety under Jiyva
  3796 | D:3      | Reached skill level 7 in Stealth
  3804 | D:3      | Gained mutation: Your muscles are strong. (Str +4, Int/Dex
                  | -1) [Jiyva's grace]
  3804 | D:3      | Gained mutation: Your muscles are very strong. (Str +8,
                  | Int/Dex -2) [Jiyva's grace]
  3804 | D:3      | Gained mutation: You have a pair of small horns on your
                  | head. [Jiyva's grace]
  3804 | D:3      | Gained mutation: You have a pair of horns on your head.
                  | [Jiyva's grace]
  4035 | D:3      | Identified the +2 robe "Secu" {rF++}
  4152 | D:3      | Learned a level 3 spell: Dazzling Flash
  4156 | D:3      | Learned a level 3 spell: Confusing Touch
  4248 | D:3      | Found a runed translucent door.
  4249 | D:3      | Noticed Crazy Yiuf
  4256 | D:3      | Killed Crazy Yiuf
  4257 | D:3      | Reached XP level 5. HP: 24/24 MP: 10/10
  4461 | D:4      | Reached skill level 8 in Stealth
  4523 | D:4      | Killed a phantom
  4601 | D:4      | Noticed Eustachio
  4696 | D:4      | Noticed an ogre
  4712 | D:4      | Reached **** piety under Jiyva
  4944 | D:4      | Reached XP level 6. HP: 28/28 MP: 11/11
  5095 | D:4      | Slimified Eustachio
  5095 | D:4      | Noticed Eustachio
  5095 | D:4      | Eustachio changed into Eustachio the slime creature
  5462 | D:5      | Entered Level 5 of the Dungeon
  5520 | D:5      | Reached skill level 9 in Stealth
  5678 | D:5      | Found a glowing drain.
  5688 | Sewer    | Entered a sewer
  5724 | Sewer    | Reached skill level 10 in Stealth
  5724 | Sewer    | Reached XP level 7. HP: 32/32 MP: 12/12
  5879 | D:5      | Killed Ijyb
  5960 | D:5      | Noticed Menkaure
  6012 | D:5      | Killed Menkaure
  6242 | D:6      | Reached skill level 11 in Stealth
  6252 | D:6      | Lost mutation: You have a pair of horns on your head.
                  | [Jiyva's grace]
  6252 | D:6      | Gained mutation: Armour fits poorly on your pseudopods.
                  | [Jiyva's grace]
  6252 | D:6      | Gained mutation: Armour fits poorly on your large
                  | pseudopods. [Jiyva's grace]
  6252 | D:6      | Gained mutation: Armour fits poorly on your massive
                  | pseudopods. [Jiyva's grace]
  6252 | D:6      | Gained mutation: You possess an exceptional clarity of
                  | mind. [Jiyva's grace]
  6265 | D:6      | Reached skill level 5 in Short Blades
  6298 | D:6      | Found Ireonuem's Magic Scroll Boutique.
  6329 | D:6      | Found a hide-covered altar of Uskayaw.
  6364 | D:6      | Reached XP level 8. HP: 36/36 MP: 13/13
  6426 | D:6      | Reached skill level 12 in Stealth
  6669 | D:6      | Found a broken altar of Ashenzari.
  6802 | D:6      | Identified the +7 long sword "Wesih" {spect, +Blink Will+
                  | Int+4 Dex-4}
  7052 | D:6      | Bought a scroll of enchant armour for 112 gold pieces
  7179 | D:7      | Identified the ring "Puameisi" {Wiz rElec Will- Str+6
                  | Stlth+}
  7422 | D:7      | Found a staircase to the Ecumenical Temple.
  7533 | D:7      | Reached skill level 13 in Stealth
  7583 | D:7      | Noticed a hornet
  7585 | D:7      | Killed a hornet
  7586 | D:7      | Reached skill level 5 in Dodging
  7632 | D:7      | Found a glowing golden altar of the Shining One.
  7637 | D:7      | Found a glowing silver altar of Zin.
  7642 | D:7      | Found a shadowy altar of Dithmenos.
  7648 | D:7      | Found a bloodstained altar of Trog.
  7662 | D:7      | Found a snail-covered altar of Cheibriados.
  7667 | D:7      | Found a burning altar of Makhleb.
  7669 | D:7      | Reached skill level 14 in Stealth
  8007 | D:8      | Noticed Joseph
  8009 | D:8      | Reached XP level 9. HP: 39/39 MP: 14/14
  8010 | D:8      | Noticed Amaemon
  8101 | D:8      | Noticed an orange demon
  8132 | D:8      | Killed an orange demon
  8133 | D:8      | Reached skill level 15 in Stealth
  8194 | D:8      | Mangled by a wight

Illustrated notes

Levels and vault maps discovered:
D:1:      dpeg_arrival_round_a, layout_basic
D:2:      minmay_kobold_bridge, layout_loops_corners,
          chequers_ecumenical_altar_lobes, minmay_tetromino_s4
D:3:      minmay_skewed_foursquare, layout_loops_corners,
          hangedman_decor_diamond_cutter, hangedman_decor_riveting,
          hangedman_abyss_or_decor_stabs, grunt_decor_clamped,
          uniq_crazy_yiuf_cottage
D:4:      layout_loops_ring, uniq_eustachio
D:5:      layout_cave_pools, cheibrodos_sewer_entry_drain, uniq_ijyb,
          uniq_menkaure
D:6:      layout_loops_ring, evilmike_ruin_ashenzari,
          mainiacjoe_overflow_concentric_impassable, serial_shops,
          nicolae_shop_hallway_plus
D:7:      cheibrodos_helix_gallery, layout_loops_ring,
          nicolae_overflow_hallway_of_the_gods, minmay_temple_entry_large_hall
D:8:      layout_rooms, uniq_amaemon, uniq_joseph

Skill      XL: |  1  2  3  4  5  6  7  8  9 |
---------------+----------------------------+-----
Dodging        | 3 4 5 |  5.5
Stealth        | 5 6 7 8 10 11 14 15 | 15.0
Short Blades   | 2 3 4 5 7 |  7.5
Spellcasting   | |  2.8
Hexes          | |  3.9

Action                   |  1- 3 |  4- 6 |  7- 9 || total
-------------------------+-------+-------+-------++-------
Melee: Dagger            |   153 |   144 |   162 ||   459
       Punch             |     1 |     4 |     3 ||     8
       Headbutt          |       |    17 |    44 ||    61
       Pseudopods        |       |       |    20 ||    20
Invok: Oozemancy         |       |     2 |     7 ||     9
       Slimify           |       |     1 |     1 ||     2
  Use: Scroll            |       |     2 |     6 ||     8
       Potion            |       |     1 |       ||     1
 Stab: Sleeping          |    15 |    15 |    13 ||    43
       Distracted        |     1 |       |     2 ||     3
Armor: Robe              |     8 |    14 |     5 ||    27
Dodge: Dodged            |    81 |    57 |    66 ||   204
